Match 38147671
Unlisted

Match 38147671
End
Selects Air and Sea Battlegroup
Construct Section Command Post
Royal Engineer Section
ML 3-inch Mortar Team
Infantry Section
Infantry Section
Construct Platoon Command Post
Selects Commando Section Paradrop
Commando Section Paradrop
Construct Company Command Post
Matilda II Heavy Tank
Selects Commando Support Section Paradrop
Commando Support Section Paradrop
Crusader II Medium Tank
SneaKerz
gb_gbg
Mr Kiwi
Mr Pear
0
0

Comments sign in to comment!

No comments posted yet!